 Dungeon Crawl Stone Soup version 0.29.0-13-gc9e81de378 (webtiles) character file.

Game seed: 617150740706013290

47 Anothat the Sneak (level 3, 0/19 HPs)
             Began as a Vine Stalker Brigand on Sept 9, 2022.
             Was a Follower of Fedhas.
             Slain by Natasha (3 damage)
             ... on level 2 of the Dungeon.
             The game lasted 00:02:22 (1167 turns).

Anothat the Sneak (Vine Stalker Brigand)            Turns: 1167, Time: 00:02:23

Health: 0/19       AC:  4    Str: 13    XL:     3   Next: 70%
Magic:  0/4        EV: 12    Int: 11    God:    Fedhas [*.....]
Gold:   59         SH:  0    Dex: 17    Spells: 2/2 levels left

rFire   . . .      SeeInvis .   a - +2 dagger
rCold   . . .      Faith    .   (no shield)
rNeg    . . .      Spirit   +   b - +0 robe
rPois   .          Reflect  .   m - +0 helmet
rElec   .          Harm     .   c - +0 cloak
rCorr   .          Rampage  .   (no gloves)
Will    .....                   (no boots)
Stlth   +++.......              (no amulet)
HPRegen 0.06/turn               (no ring)
MPRegen 0.09/turn               (no ring)

@: attractive, slowed, very slow
A: fangs 2, magic shield, antimagic bite, no potion heal 2
a: Renounce Religion


You were on level 2 of the Dungeon.
You worshipped Fedhas.
Fedhas was aware of your devotion.
You visited 1 branch of the dungeon, and saw 2 of its levels.

You collected 59 gold pieces.

Inventory:

Hand Weapons
 a - a +2 dagger (weapon)
Missiles
 d - 9 poisoned darts (quivered)
 e - 3 curare-tipped darts
Armour
 b - a +0 robe (worn)
 c - a +0 cloak (worn)
 m - a +0 helmet (worn)
Jewellery
 h - a ring of positive energy
Scrolls
 k - 3 scrolls of identify {unknown}
 l - a scroll of amnesia {unknown}
 n - a scroll of magic mapping {unknown}
 o - a scroll of blinking {unknown}
 p - a scroll of fear {unknown}
Potions
 f - a potion of mutation {unknown}
 g - a potion of flight {unknown}
 i - a potion of haste {unknown}
 j - a potion of attraction


   Skills:
 + Level 2.4 Fighting
 + Level 2.4 Short Blades
 - Level 1.7 Throwing
 + Level 1.6 Dodging
 - Level 4.8 Stealth
 + Level 0.3 Invocations


You had 2 spell levels left.
You didn't know any spells.
Your spell library was empty.

Dungeon Overview and Level Annotations

Branches:
Dungeon (2/15)

Altars:
Fedhas

Annotations:
D:2 Natasha


Innate Abilities, Weirdness & Mutations

You have extremely sharp teeth.
When hurt, damage is shared between your health and your magic reserves.
Your bite disrupts and absorbs the magic of your enemies.
Potions cannot restore your health.


Message History

The magic dart hits you.
The giant cockroach attacks as you move away!
The giant cockroach bites you.
The giant cockroach attacks as you move away!
The giant cockroach misses you.
You see here an adder corpse.
The giant cockroach attacks as you move away!
The giant cockroach bites you but does no damage.
You closely miss the giant cockroach.
You bite the giant cockroach, but do no damage.
The giant cockroach closely misses you.
You hit the giant cockroach.
You bite the giant cockroach, but do no damage.
The giant cockroach is heavily wounded.
The giant cockroach bites you.
You barely miss the giant cockroach.
The giant cockroach is heavily wounded.
The giant cockroach bites you.
You are too injured to fight recklessly!
You hit the giant cockroach but do no damage.
The giant cockroach is heavily wounded.
The giant cockroach barely misses you.
Natasha mumbles some strange words.
You closely miss the giant cockroach.
The giant cockroach is heavily wounded.
The giant cockroach barely misses you. The giant cockroach bites you.
You hit the giant cockroach. You bite the giant cockroach.
You kill the giant cockroach!
Fedhas appreciates your contribution to the ecosystem.
The white imp gestures at you. The puff of frost hits you.
* * * LOW HITPOINT WARNING * * *
Natasha casts a spell at you.
You feel yourself slow down. Natasha misses you.
It was a potion of attraction.
You feel attractive to monsters. Natasha claws you.
You die...
Fedhas appreciates your contribution to the ecosystem.

#.....#
#..#### ##..#
#..## .
######..# ..
###....>..#
.#.#...####.##
.......5.##.#
.........#@.#
........5h.##
.........###
.....|..)#
.........#
........>#
.........#
..........
..........


You could see Natasha and a white imp (summoned).

Vanquished Creatures
  An adder (D:2)
  A dart slug (D:1)
  5 endoplasms (D:1)
  2 giant cockroaches
  6 goblins
  A hobgoblin (D:1)
  5 kobolds
  3 ball pythons (D:1)
  4 bats (D:1)
  3 frilled lizards (D:1)
  3 rats (D:1)
34 creatures vanquished.

Notes
Turn   | Place    | Note
-------+----------+-------------------------------------------
     0 | D:1      | Anothat the Vine Stalker Brigand began the quest for the
                  | Orb.
     0 | D:1      | Reached XP level 1. HP: 11/11 MP: 2/2
    73 | D:1      | Reached skill level 1 in Dodging
    91 | D:1      | Reached XP level 2. HP: 15/15 MP: 3/3
   100 | D:1      | Found a faded altar of an unknown god.
   673 | D:1      | Prayed at the altar of an unknown god.
   673 | D:1      | Became a worshipper of Fedhas Madash
   673 | D:1      | Reached * piety under Fedhas
   723 | D:1      | Reached XP level 3. HP: 18/18 MP: 4/4
  1137 | D:2      | Noticed Natasha
  1167 | D:2      | Slain by Natasha

Illustrated notes

Levels and vault maps discovered:
D:1:      wander_arrival_fairy_ring, layout_basic, basic_ecumenical_altar,
          minmay_tripent
D:2:      layout_rooms, serial_shops, shop, minivault_14, uniq_natasha

Skill      XL: |  1 |
---------------+----+-----
Dodging        | 1 |  1.6
Fighting       | 2 |  2.4
Short Blades   | 2 |  2.4
Throwing       | |  1.7
Stealth        | |  4.8
Invocations    | |  0.3

Action                   || total
-------------------------++-------
Melee: Dagger            ||    79
       Bite              ||    17
  Use: Potion            ||     1
 Stab: Sleeping          ||    10
Armor: Robe              ||    17
Dodge: Dodged            ||    40
